 Dungeon Crawl Stone Soup version 0.23.2-1-ga50397a6bc (webtiles) character file.

Game seed: 12848321076305615423

291863 fairgil the Warrior (level 19, -15/161 HPs)
             Began as a Minotaur Berserker on May 9, 2019.
             Was a High Priest of Trog.
             Killed from afar by a Hell Sentinel (26 damage)
             ... with damnation
             ... summoned by a deep elf demonologist
             ... led by an ironheart preserver
             ... on level 3 of the Vaults.
             The game lasted 03:11:27 (41345 turns).

fairgil the Warrior (Minotaur Berserker)           Turns: 41345, Time: 03:11:28

Health: -15/161    AC: 39    Str: 33    XL:     19   Next: 97%
Magic:  9/9        EV: 24    Int:  4    God:    Trog [*****.]
Gold:   3967       SH:  2    Dex: 14    Spells: 18/18 levels left

rFire    + . .     SeeInvis .   y - +7 great mace (antimagic)
rCold    + + .     Gourm    .   (shield currently unavailable)
rNeg     . . .     Faith    .   r - +8 plate armour {rC+} {rC+}
rPois    +         Spirit   .   t - +2 hat of Jupuzo {rElec Stlth+}
rElec    +         Reflect  +   C - +2 cloak {MR+} {MR+}
rCorr    .         Harm     .   q - +1 pair of gloves
MR       +++++                  v - +3 pair of boots "Remirece" {rPois rC+ MR+}
Stlth    ..........             p - +2 amulet of reflection
HPRegen  1.36/turn              u - ring of Xuefa {rF+ Str+4 Dex+3 Stlth-}
MPRegen  0.11/turn              x - +6 ring of evasion

@: about to teleport, regenerating
A: retaliatory headbutt, horns 2, frail 1
}: 2/15 runes: serpentine, barnacled
a: Berserk, Trog's Hand, Brothers in Arms, Renounce Religion


You were on level 3 of the Vaults.
You worshipped Trog.
Trog was extremely pleased with you.
You were not hungry.

You visited 7 branches of the dungeon, and saw 35 of its levels.
You visited 1 bazaar.
You also visited: Trove, Gauntlet and Ice Cave.

You collected 6018 gold pieces.
You spent 2051 gold pieces at shops.

Inventory:

Hand Weapons
 j - a +3 great mace of holy wrath
 y - a +7 antimagic great mace (weapon)
 G - the +11 long sword of Focus {elec, rF+ MR- Str+3 Int+3}
   (You found it on level 1 of the Shoals)

   Occasionally, upon striking a foe, it will discharge some electrical energy
   and cause terrible harm.
   It affects your strength (+3).
   It affects your intelligence (+3).
   It protects you from fire.
   It affects your resistance to hostile enchantments.
Missiles
 Z - 3 throwing nets (quivered) {+f}
Armour
 o - a +0 crystal plate armour
 q - a +1 pair of gloves (worn)
 r - a +8 plate armour of cold resistance (worn) {rC+}
 t - the +2 hat of Jupuzo (worn) {rElec Stlth+}
   (You acquired it on level 2 of the Snake Pit)

   It insulates you from electricity.
   It makes you more stealthy.
 v - the +3 pair of boots "Remirece" (worn) {rPois rC+ MR+}
   (You bought it in a shop on level 1 of the Vaults)

   It protects you from cold.
   It protects you from poison.
   It affects your resistance to hostile enchantments.
 w - a +2 shield of poison resistance {rPois}
 C - a +2 cloak of magic resistance (worn) {MR+}
Jewellery
 f - the ring of Temptation {rPois rN+ MR+}
   (You found it in a treasure trove)

   [ring of protection from magic]

   It protects you from poison.
   It protects you from negative energy.
   It affects your resistance to hostile enchantments.
 p - a +2 amulet of reflection (around neck)
 u - the ring of Xuefa (left hand) {rF+ Str+4 Dex+3 Stlth-}
   (You took it off a minotaur in a Gauntlet)

   [ring of attention]

   It affects your strength (+4).
   It affects your dexterity (+3).
   It protects you from fire.
   It makes you less stealthy.
 x - a +6 ring of evasion (right hand)
Wands
 h - a wand of disintegration (19)
 A - a wand of acid (23)
 D - a wand of digging (17)
 I - a wand of iceblast (34)
 O - a wand of clouds (9)
Scrolls
 b - 4 scrolls of fog
 e - a scroll of silence
 g - 5 scrolls of fear
 M - 4 scrolls of magic mapping
 N - 16 scrolls of remove curse {@r2}
 R - 4 scrolls of identify {@r1}
 T - 10 scrolls of teleportation {@r3}
Potions
 i - a potion of might {Str+5 DMG+1d10 | @q3}
 k - 6 potions of mutation {!q}
 l - 6 potions of flight
 s - a potion of invisibility
 H - a potion of haste {@q5}
 J - a potion of cancellation
 Q - 2 potions of curing {@q2}
Miscellaneous
 a - a lightning rod (4/4)
 X - a phial of floods
Comestibles
 z - 20 rations


   Skills:
 + Level 17.9 Fighting
 + Level 13.9 Long Blades
 + Level 17.8 Maces & Flails
 + Level 17.6 Armour
 + Level 16.3 Dodging
 + Level 10.8 Shields
 - Level 13.0 Evocations


You had 18 spell levels left.
You didn't know any spells.
Your spell library was empty.

Dungeon Overview and Level Annotations

Branches:
Dungeon (15/15)            Temple (1/1) D:4            Lair (6/6) D:9
 Shoals (4/4) Lair:3        Snake (4/4) Lair:3        Slime (0/5) Lair:6
    Orc (2/2) D:10            Elf (0/3) Orc:2        Vaults (3/5) D:13
  Crypt (0/3) Vaults:2     Depths (0/5) D:15

Altars:
Ashenzari
Cheibriados
Dithmenos
Elyvilon
Fedhas
Gozag
Hepliaklqana
Kikubaaqudgha
Makhleb
Nemelex Xobeh
Okawaru
Qazlal
Ru
Sif Muna
Trog
Uskayaw
Vehumet
Wu Jian
Xom
Yredelemnul
Zin
The Shining One
Beogh

Shops:
D:4 !*   D:15 }   Orc:1 [   Orc:2 ?%=[=   Shoals:2 *   Shoals:3 ?   Shoals:4 *
Vaults:1 (*[


Innate Abilities, Weirdness & Mutations

You reflexively headbutt those who attack you in melee.
You have a pair of horns on your head.
You are frail. (-10% HP)


Message History

Your troll goes berserk!
You feel quite a bit more hungry.
The red devil hits you but does no damage.
The Hell Sentinel hits you but does no damage.
The Hell Sentinel closely misses you.
You swap places.
Your troll bites the Hell Sentinel.
Your troll claws the Hell Sentinel but does no damage. x2
The Hell Sentinel hits your troll!! The Hell Sentinel misses your troll.
You regained 2 hp, and now have 10/161 hp.
As you read the scroll of teleportation {@r3}, it crumbles to dust.
You feel strangely unstable.
Your troll is struck by the Hell Sentinel's spines.
Your troll bites the Hell Sentinel!!
Your troll claws the Hell Sentinel but does no damage.
Your troll claws the Hell Sentinel!
The Hell Sentinel gestures at you.
The sphere of damnation explodes!
The damnation engulfs your troll!!
The damnation engulfs the Hell Sentinel.
The Hell Sentinel completely resists.
The damnation engulfs you!!
You die...

############+####
.................
..........)......
........).)......
......○e.))......
.....°44(........
#######1#########
#.T@...# #......#
#......# #..<...#
#......# #......#
#......# #......#
+......#


You could see a Hell Sentinel, a red devil and a friendly troll (berserk).

Vanquished Creatures
  Mara (Vaults:2)
  Bai Suzhen (Shoals:3)
  Vashnia (Snake:2)
  6 nagarajas
  Roxanne (D:15)
  A deep elf sorcerer (Vaults:1)
  A frost giant (Shoals:4)
  6 vault wardens
  Aizul (Shoals:1)
  Louise (Shoals:1)
  6 ironheart preservers
  2 very ugly things (Vaults:2)
  Nessos (Orc:2)
  2 entropy weavers (Vaults:2)
  Azrael (Orc:2)
  A minotaur (Gauntlet)
  4 merfolk javelineers
  5 dire elephants (Lair:6)
  9 merfolk impalers
  Josephine (D:13)
  The ghost of P0WERM0DE the Wallflower, a journeyman VSFi of Uskayaw (Lair:6)
  A fire dragon (Vaults:1)
  7 yaktaur captains
  Erolcha (Orc:2)
  11 hydras
  The ghost of
  1994 the Blocker, a journeyman HOFi of Zin (D:11)
  14 naga warriors
  A rakshasa (Vaults:1)
  6 ogre magi
  2 catoblepae
  4 ice dragons
  2 merfolk avatars (Shoals:4)
  5 vault guards
  17 two-headed ogres
  Erica (Orc:1)
  4 death knights (Vaults:2)
  8 merfolk aquamancers
  2 satyrs (Shoals:4)
  10 anacondas
  4 centaur warriors
  A death yak (Shoals:3)
  A queen ant (Lair:2)
  13 naga sharpshooters
  5 shock serpents
  4 deep elf knights
  Sonja (D:13)
  The ghost of Gabide the Blocker, a novice HuWn of Yredelemnul (D:10)
  An iron troll (Orc:2)
  2 spriggans (Lair:6)
  9 sea snakes
  2 shadow wraiths (Vaults:2)
  12 skeletal warriors
  3 salamander mystics
  An unseen horror (D:14)
  A deep troll (Orc:2)
  A sea snake (shapeshifter) (Vaults:1)
  A glowing orange brain (Vaults:2)
  5 naga ritualists
  2 wizards
  6 deep elf archers
  A necromancer (Vaults:1)
  A phantasmal warrior (Vaults:2)
  A harpy (Shoals:4)
  3 orc knights
  A wolf spider (Vaults:1)
  A wolf spider zombie (D:15)
  2 flayed ghosts
  5 ironbrand convokers (Vaults:1)
  5 mana vipers
  A harpy (shapeshifter) (Vaults:2)
  An orc sorcerer (Vaults:2)
  15 ugly things
  6 cyclopes
  5 deep elf magi
  11 manticores
  17 fauns
  14 salamanders
  3 merfolk sirens
  3 centaur zombies
  A fire giant skeleton (Vaults:1)
  3 guardian serpents
  3 ice statues
  28 black mambas
  8 naga magi
  5 vault sentinels
  12 elephants
  A smoke demon (Gauntlet)
  3 water nymphs
  9 centaur skeletons
  4 spiny frogs
  A yaktaur zombie (Vaults:1)
  A torpor snail (Lair:6)
  3 gargoyles
  An efreet (D:15)
  3 kobold demonologists
  6 rime drakes
  3 freezing wraiths
  12 yaktaurs
  3 harpy zombies (Shoals:1)
  28 merfolk
  17 trolls
  4 wind drakes
  A hornet (Lair:6)
  A tengu conjurer (D:14)
  A polar bear (Lair:2)
  A tengu simulacrum (Vaults:2)
  Grinder (D:3)
  18 slime creatures
  23 blink frogs
  8 dream sheep
  A stone giant simulacrum (Vaults:1)
  9 hippogriffs
  13 snapping turtles
  17 water elementals
  A spriggan (shapeshifter) (Vaults:1)
  Sigmund (D:2)
  2 vampires
  A redback (Vaults:2)
  2 wyverns
  3 fire elementals (Orc:2)
  8 wraiths
  3 basilisks
  A human (shapeshifter) (Vaults:1)
  40 yaks
  A yak (shapeshifter) (D:13)
  5 vampire mosquitoes
  40 nagas
  2 soldier ants
  A hell hound (Orc:2)
  2 acid dragons
  4 wargs
  8 water moccasins
  6 porcupines
  18 ice beasts
  13 orc warriors
  4 necrophages
  An eye of draining (D:6)
  3 sky beasts
  32 ogres
  A boggart (Lair:6)
  12 wolves
  A boggart (shapeshifter) (D:13)
  9 centaurs
  14 crocodiles
  5 big kobolds
  2 hippogriff zombies (Shoals:1)
  10 bullfrogs
  3 gnoll sergeants
  A wyvern zombie (D:14)
  An ogre simulacrum (Vaults:1)
  2 scorpions
  A hornet simulacrum (D:14)
  A wyvern skeleton (D:14)
  A killer bee (D:13)
  An elf simulacrum (Vaults:1)
  3 howler monkeys
  4 electric eels (D:14)
  3 lava snakes (Snake:4)
  11 crimson imps
  A quasit (D:8)
  2 bullfrog zombies
  2 bullfrog skeletons
  4 jellies
  A gnoll shaman (D:10)
  7 hounds
  27 orc wizards
  20 orc priests
  4 iguanas
  26 worker ants
  2 hound zombies (D:7)
  2 hound skeletons (D:7)
  A howler monkey skeleton (D:8)
  24 gnolls
  4 adders
  5 shadow imps
  2 white imps (Gauntlet)
  2 oozes
  An ooze (shapeshifter) (Vaults:1)
  2 adder skeletons (D:4)
  5 worms
  7 dart slugs
  8 leopard geckos
  86 orcs
  A ball python (D:2)
  A bat zombie (Shoals:1)
  7 giant cockroaches
  2 goblins
  2 hobgoblins
  8 jackals
  4 quokkas
  12 bats
  7 frilled lizards
  A jackal zombie (D:3)
  28 kobolds
  A leopard gecko skeleton (D:4)
  4 quokka skeletons
  8 rats
  2 plants
  4 tentacles (Shoals:3)
1200 creatures vanquished.

Vanquished Creatures (collateral kills)
  Jorgrun (Shoals:1)
  A kraken (Shoals:3)
  Polyphemus (Shoals:3)
  A vault warden (Vaults:1)
  2 merfolk javelineers (Shoals:2)
  2 merfolk impalers
  A merfolk avatar (Shoals:2)
  A merfolk aquamancer (Shoals:2)
  A catoblepas (Shoals:3)
  An ogre mage (Vaults:1)
  A satyr (Shoals:3)
  2 death yaks (Shoals:3)
  A skeletal warrior (D:13)
  2 sea snakes
  An ironbrand convoker (Vaults:1)
  A wolf spider (Vaults:1)
  4 fauns
  A cyclops (Shoals:3)
  2 manticores (Shoals:1)
  3 merfolk sirens (Shoals:3)
  An ice statue (IceCv)
  2 water nymphs (Shoals:3)
  9 merfolk
  2 wind drakes (Shoals:2)
  3 snapping turtles (Shoals:2)
  A hornet (Lair:6)
  6 water elementals
  A spriggan (Lair:6)
  6 wraiths
  A soldier ant (Lair:2)
  A water moccasin (Lair:6)
  5 orc warriors
  3 ogres (Vaults:1)
  An orc priest (Orc:1)
  2 worker ants (Lair:2)
  An orc wizard (D:13)
  6 orcs
  A plant (Shoals:2)
  A tentacle (Shoals:3)
83 creatures vanquished.

Vanquished Creatures (others)
  An unseen horror (D:15)
  3 fauns
  2 merfolk
  2 centaurs
  An orc (D:13)
  A bush (Lair:5)
  5 fungi
  9 plants
  3 tentacles (Shoals:3)
27 creatures vanquished.

Grand Total: 1310 creatures vanquished

Notes
Turn   | Place    | Note
-------+----------+-------------------------------------------
     0 | D:1      | fairgil the Minotaur Berserker began the quest for the Orb.
     0 | D:1      | Reached XP level 1. HP: 19/19 MP: 0/0
   115 | D:1      | Reached XP level 2. HP: 26/27 MP: 1/1
   360 | D:1      | Reached skill level 4 in Fighting
   360 | D:1      | Reached skill level 4 in Maces & Flails
   677 | D:1      | Reached ** piety under Trog
   677 | D:1      | Reached skill level 3 in Armour
   677 | D:1      | Reached XP level 3. HP: 31/33 MP: 2/2
   998 | D:2      | Noticed Sigmund
  1005 | D:2      | Killed Sigmund
  1005 | D:2      | Reached skill level 4 in Armour
  1005 | D:2      | Reached skill level 3 in Dodging
  1005 | D:2      | Reached XP level 4. HP: 41/41 MP: 3/3
  1005 | D:2      | Reached XP level 5. HP: 47/47 MP: 4/4
  1196 | D:2      | Reached skill level 5 in Maces & Flails
  1202 | D:2      | Reached skill level 5 in Fighting
  1567 | D:2      | Reached XP level 6. HP: 56/56 MP: 5/5
  1795 | D:3      | Reached skill level 4 in Dodging
  1831 | D:3      | Noticed Grinder
  1849 | D:3      | Killed Grinder
  1849 | D:3      | Reached *** piety under Trog
  1849 | D:3      | Reached skill level 5 in Armour
  1896 | D:3      | Found a shattered altar of Ashenzari.
  1896 | D:3      | Found a deep blue altar of Sif Muna.
  1902 | D:3      | Reached XP level 7. HP: 59/62 MP: 6/6
  1914 | D:3      | Found a sparkling altar of Nemelex Xobeh.
  1918 | D:3      | Found a faded altar of an unknown god.
  1920 | D:3      | Found a faded altar of an unknown god.
  2477 | D:4      | Reached skill level 6 in Maces & Flails
  2483 | D:4      | Reached skill level 6 in Fighting
  2483 | D:4      | Reached skill level 1 in Evocations
  3120 | D:4      | Found Oxikliuk's Distillery.
  3183 | D:4      | Reached skill level 5 in Dodging
  3327 | D:4      | Found Futielu's Assorted Antiques.
  3330 | D:4      | Bought a scroll of identify for 46 gold pieces
  3330 | D:4      | Bought a glowing scarf for 184 gold pieces
  3504 | D:4      | Found a sacrificial altar of Ru.
  3592 | D:4      | Found a staircase to the Ecumenical Temple.
  3597 | D:4      | Reached skill level 2 in Evocations
  3597 | D:4      | Reached XP level 8. HP: 63/71 MP: 8/8
  3616 | Temple   | Entered the Ecumenical Temple
  3914 | D:5      | Entered Level 5 of the Dungeon
  3947 | D:5      | Reached skill level 6 in Armour
  4328 | D:5      | Reached **** piety under Trog
  4384 | D:5      | Found a burning altar of Makhleb.
  4462 | D:5      | Found an ancient bone altar of Kikubaaqudgha.
  4462 | D:5      | Found a glowing golden altar of the Shining One.
  4463 | D:5      | Found a hide-covered altar of Uskayaw.
  4755 | D:6      | Found a bloodstained altar of Trog.
  4764 | D:6      | Reached skill level 7 in Fighting
  4764 | D:6      | Reached skill level 7 in Maces & Flails
  4788 | D:6      | Found a burning altar of Makhleb.
  4905 | D:6      | Reached skill level 3 in Evocations
  4958 | D:6      | Reached skill level 6 in Dodging
  5723 | D:7      | Reached XP level 9. HP: 79/79 MP: 10/10
  5770 | D:7      | Reached skill level 7 in Armour
  6216 | D:8      | Reached skill level 8 in Fighting
  6216 | D:8      | Reached skill level 8 in Maces & Flails
  6216 | D:8      | Reached skill level 4 in Evocations
  6276 | D:8      | Reached ***** piety under Trog
  6395 | D:8      | Reached skill level 7 in Dodging
  6441 | D:8      | Reached skill level 8 in Armour
  6848 | D:9      | Noticed a two-headed ogre
  6853 | D:9      | Killed a two-headed ogre
  6853 | D:9      | Reached skill level 9 in Fighting
  6853 | D:9      | Reached skill level 9 in Maces & Flails
  6853 | D:9      | Reached skill level 5 in Evocations
  6853 | D:9      | Reached XP level 10. HP: 91/91 MP: 12/12
  7042 | D:9      | Found a staircase to the Lair.
  7123 | D:9      | Reached skill level 8 in Dodging
  7133 | D:9      | Reached skill level 9 in Armour
  7559 | D:10     | Entered Level 10 of the Dungeon
  7574 | D:10     | Found a staircase to the Orcish Mines.
  7639 | D:10     | Noticed a two-headed ogre
  7647 | D:10     | Killed a two-headed ogre
  7893 | D:10     | Reached skill level 6 in Evocations
  7894 | D:10     | Found an ornate altar of the Wu Jian Council.
  8152 | D:10     | Reached skill level 10 in Fighting
  8152 | D:10     | Reached skill level 10 in Maces & Flails
  8195 | D:10     | Found a runed translucent gate.
  8195 | D:10     | Noticed Gabide's ghost (novice HuWn)
  8196 | D:10     | Found a runed translucent gate.
  8197 | D:10     | Found a runed translucent gate.
  8203 | D:10     | Found a roughly hewn altar of Beogh.
  8394 | D:10     | Reached XP level 11. HP: 99/99 MP: 14/14
  8557 | D:10     | Received a gift from Trog
  8580 | D:10     | Killed Gabide's ghost
  8717 | D:11     | Reached skill level 9 in Dodging
  8840 | D:11     | Reached skill level 10 in Armour
  9214 | D:11     | Noticed a red ugly thing
  9223 | D:11     | Killed a red ugly thing
  9422 | D:11     | Found a runed translucent gate.
  9422 | D:11     | Found a runed translucent gate.
  9422 | D:11     | Found a runed translucent gate.
  9423 | D:11     | Noticed 1994's ghost (journeyman HOFi)
  9512 | D:11     | Reached skill level 7 in Evocations
  9517 | D:11     | Killed 1994's ghost
  9754 | Lair:1   | Entered Level 1 of the Lair of Beasts
  9781 | Lair:1   | Reached skill level 11 in Maces & Flails
  9787 | Lair:1   | Reached skill level 11 in Fighting
 10645 | Lair:2   | Noticed a queen ant
 10664 | Lair:2   | Killed a queen ant
 10664 | Lair:2   | Reached skill level 10 in Dodging
 10700 | Lair:2   | Reached XP level 12. HP: 92/109 MP: 16/16
 10855 | Lair:2   | Got a translucent turquoise ring
 10966 | Lair:2   | Reached skill level 11 in Armour
 11009 | Lair:2   | Identified the ring of Syletapa {rPois rF- Int+3 Stlth+}
                  | (You found it on level 2 of the Lair of Beasts)
 11021 | Lair:2   | You fall through a shaft!
 11253 | Lair:3   | Found a staircase to the Shoals.
 11260 | Lair:3   | Found a staircase to the Snake Pit.
 11603 | Lair:3   | Noticed a five-headed hydra
 11617 | Lair:3   | Killed a five-headed hydra
 11946 | Lair:3   | Noticed a catoblepas
 11957 | Lair:3   | Killed a catoblepas
 12225 | Lair:2   | Identified a scroll of acquirement
 12443 | Lair:2   | Reached skill level 8 in Evocations
 12592 | Lair:4   | Reached ****** piety under Trog
 12649 | Lair:4   | Found a gate leading to a gauntlet.
 12661 | Lair:4   | Received a gift from Trog
 12717 | Gauntlet | Entered a Gauntlet
 12717 | Gauntlet | Found a transporter.
 12717 | Gauntlet | Found a transporter.
 12717 | Gauntlet | Found a transporter.
 12720 | Gauntlet | Found a transporter.
 12726 | Gauntlet | Found a transporter.
 12785 | Gauntlet | Found a transporter.
 12794 | Gauntlet | Noticed a catoblepas
 12795 | Gauntlet | Found a transporter.
 12811 | Gauntlet | Found a transporter.
 12821 | Gauntlet | Found a transporter.
 12837 | Gauntlet | Found a transporter.
 12843 | Gauntlet | Found a transporter.
 12857 | Gauntlet | Found a transporter.
 12857 | Gauntlet | Noticed a green death
 12973 | Gauntlet | Killed a catoblepas
 13017 | Gauntlet | Reached skill level 12 in Fighting
 13017 | Gauntlet | Reached skill level 12 in Maces & Flails
 13050 | Gauntlet | Identified the cursed +0 chain mail of Words of Power
                  | {Stlth+} (You found it in a Gauntlet)
 13088 | Gauntlet | Paralysed by a wizard for 6 turns
 13133 | Gauntlet | Identified the ring of Xuefa {rF+ Str+4 Dex+3 Stlth-}
 13133 | Gauntlet | Noticed a minotaur
 13148 | Gauntlet | Killed a minotaur
 13148 | Gauntlet | Reached skill level 11 in Dodging
 13260 | Lair:4   | Noticed a six-headed hydra
 13266 | Lair:4   | Killed a six-headed hydra
 13266 | Lair:4   | Reached skill level 12 in Armour
 13573 | Lair:4   | Reached XP level 13. HP: 109/118 MP: 6/18
 13664 | Lair:4   | Got a polished long sword
 13665 | Lair:4   | Identified the +7 long sword of Bodily Harmony {protect,
                  | Dex+4} (You found it on level 4 of the Lair of Beasts)
 14133 | Lair:5   | Reached skill level 1 in Long Blades
 14239 | Lair:5   | Reached skill level 9 in Evocations
 14244 | Lair:5   | Reached skill level 2 in Long Blades
 14635 | Lair:5   | Reached skill level 13 in Fighting
 14635 | Lair:5   | Reached skill level 4 in Long Blades
 14635 | Lair:5   | Reached skill level 13 in Maces & Flails
 14635 | Lair:5   | Reached XP level 14. HP: 127/128 MP: 6/20
 14973 | Lair:6   | Entered Level 6 of the Lair of Beasts
 14973 | Lair:6   | Found a runed translucent door.
 14985 | Lair:6   | Identified the cursed +1 spear of Famine {vamp, Str+3}
 14987 | Lair:6   | Reached skill level 13 in Armour
 14992 | Lair:6   | Noticed P0WERM0DE's ghost (journeyman VSFi)
 15003 | Lair:6   | Reached skill level 12 in Dodging
 15010 | Lair:6   | Reached skill level 5 in Long Blades
 15034 | Lair:6   | Received a gift from Trog
 15383 | Lair:6   | Found a frozen archway.
 15403 | Lair:6   | Reached skill level 10 in Evocations
 15423 | IceCv    | Entered an ice cave
 15466 | IceCv    | Reached skill level 6 in Long Blades
 16083 | Lair:6   | Found a staircase to the Slime Pits.
 16185 | Lair:6   | Killed P0WERM0DE's ghost
 16195 | Lair:6   | Reached XP level 15. HP: 136/136 MP: 7/21
 16977 | D:12     | Reached skill level 14 in Fighting
 16977 | D:12     | Reached skill level 7 in Long Blades
 17615 | D:12     | Reached skill level 14 in Maces & Flails
 17957 | Orc:1    | Entered Level 1 of the Orcish Mines
 18085 | Orc:1    | You fall through a shaft!
 18085 | Orc:2    | Entered Level 2 of the Orcish Mines
 18086 | Orc:2    | Noticed Azrael
 18100 | Orc:2    | Killed Azrael
 18118 | Orc:1    | Found Harah's Armour Shop.
 18123 | Orc:1    | Noticed Erica
 18152 | Orc:1    | Killed Erica
 18411 | Orc:2    | Noticed Erolcha
 18413 | Orc:2    | Found Amunota's Food Shoppe.
 18416 | Orc:2    | Reached skill level 14 in Armour
 18435 | Orc:2    | Killed Erolcha
 18437 | Orc:2    | Received a gift from Trog
 18437 | Orc:2    | Reached skill level 13 in Dodging
 18443 | Orc:2    | Reached skill level 8 in Long Blades
 18478 | Orc:2    | Found Umifia's Armour Shoppe.
 18525 | Orc:2    | Found Irue's Magic Scroll Boutique.
 18525 | Orc:2    | Found Cocianud's Jewellery Shoppe.
 18543 | Orc:2    | Found Beesunal's Jewellery Emporium.
 18597 | Orc:2    | Noticed Nessos
 18599 | Orc:2    | Found a staircase to the Elven Halls.
 18610 | Orc:2    | Killed Nessos
 19280 | D:13     | Noticed Sonja
 19285 | D:13     | Found a gate to the Vaults.
 19302 | D:13     | Noticed Josephine
 19329 | D:13     | Killed Josephine
 19329 | D:13     | Reached skill level 11 in Evocations
 19338 | D:13     | Received a gift from Trog
 19378 | D:13     | Killed Sonja
 19378 | D:13     | Reached XP level 16. HP: 102/147 MP: 7/23
 19841 | D:13     | Reached skill level 9 in Long Blades
 21093 | D:14     | Reached skill level 15 in Fighting
 21317 | D:14     | Received a gift from Trog
 21535 | D:14     | Found a portal to a secret trove of treasure.
 21723 | Orc:2    | Bought a scroll of blinking for 105 gold pieces
 21723 | Orc:2    | Bought a scroll of blinking for 105 gold pieces
 21895 | D:4      | Bought a scroll of blinking for 172 gold pieces
 22126 | D:15     | Entered Level 15 of the Dungeon
 22126 | D:15     | Found Xixuol's Gadget Shop.
 22446 | D:15     | Found a staircase to the Depths.
 22460 | D:15     | Reached skill level 15 in Maces & Flails
 22595 | D:15     | Identified Roxanne's Catalogue of Moulding
 22595 | D:15     | Noticed Roxanne
 22741 | D:15     | Killed Roxanne
 22843 | D:15     | Reached skill level 15 in Armour
 23263 | Snake:1  | Entered Level 1 of the Snake Pit
 23583 | Snake:1  | Reached skill level 1 in Shields
 24176 | Snake:1  | Reached skill level 10 in Long Blades
 24176 | Snake:1  | Reached skill level 2 in Shields
 24668 | Snake:1  | Got a pair of polished boots
 24670 | Snake:1  | Identified the -7 pair of boots of Wu Jian's Reproof {MR+}
                  | (You found it on level 1 of the Snake Pit)
 24747 | Snake:2  | Reached skill level 14 in Dodging
 25142 | Snake:2  | Got a warped hat
 25153 | Snake:2  | Identified the +2 hat of Jupuzo {rElec Stlth+} (You
                  | acquired it on level 2 of the Snake Pit)
 25208 | Snake:2  | Noticed Vashnia
 25216 | Snake:2  | Reached skill level 3 in Shields
 25251 | Snake:2  | Killed Vashnia
 25670 | Snake:2  | Reached XP level 17. HP: 156/156 MP: 24/24
 25702 | Snake:2  | Reached skill level 4 in Shields
 27016 | Snake:3  | Received a gift from Trog
 27356 | Snake:4  | Entered Level 4 of the Snake Pit
 27655 | Snake:4  | Reached skill level 12 in Evocations
 27767 | Snake:4  | Reached skill level 5 in Shields
 27916 | Snake:4  | Reached skill level 11 in Long Blades
 28477 | Snake:4  | Reached skill level 16 in Fighting
 28618 | Snake:4  | Reached skill level 16 in Maces & Flails
 29131 | Snake:4  | Reached skill level 6 in Shields
 29372 | Snake:4  | Reached skill level 16 in Armour
 29393 | Snake:4  | Got a serpentine rune of Zot
 29438 | Snake:4  | Received a gift from Trog
 29851 | Shoals:1 | Entered Level 1 of the Shoals
 29851 | Shoals:1 | Noticed Jorgrun
 29863 | Shoals:1 | Killed Jorgrun
 30018 | Shoals:1 | Noticed Aizul
 30058 | Shoals:1 | Noticed Louise
 30076 | Shoals:1 | Killed Louise
 30124 | Shoals:1 | Received a gift from Trog
 30273 | Shoals:1 | Noticed a kraken
 30563 | Shoals:1 | Killed Aizul
 30614 | Shoals:1 | Got a steaming long sword
 30615 | Shoals:1 | Identified the +11 long sword of Focus {elec, rF+ MR- Str+3
                  | Int+3} (You found it on level 1 of the Shoals)
 31306 | Shoals:2 | Reached XP level 18. HP: 167/167 MP: 26/26
 31324 | Shoals:1 | Reached skill level 7 in Shields
 31625 | Shoals:2 | Reached skill level 15 in Dodging
 31651 | Shoals:2 | Received a gift from Trog
 31968 | Shoals:2 | Reached skill level 12 in Long Blades
 32176 | Shoals:2 | Found Hyuwet's General Store.
 32184 | Shoals:2 | Bought a scroll of enchant weapon for 135 gold pieces
 32184 | Shoals:2 | Bought a potion of cancellation for 144 gold pieces
 32474 | Shoals:3 | Noticed Polyphemus
 32482 | Shoals:3 | Killed Polyphemus
 32882 | Shoals:3 | Found Qahioqe's Magic Scroll Shoppe.
 32892 | Shoals:3 | Bought a scroll of blinking for 105 gold pieces
 32892 | Shoals:3 | Bought a scroll of enchant armour for 105 gold pieces
 33190 | D:14     | You paid a toll of 6 scrolls of blinking to enter a
                  | treasure trove
 33191 | Trove    | Entered a treasure trove
 33204 | Trove    | Got a flickering jade ring
 33218 | Trove    | Got a jewelled demon whip
 33233 | Trove    | Identified the ring of Temptation {rPois rN+ MR+} (You
                  | found it in a treasure trove)
 33234 | Trove    | Identified the +6 demon whip "Jecitaaf" {elec, Int+7 Dex+3}
                  | (You found it in a treasure trove)
 33757 | Shoals:3 | Reached skill level 8 in Shields
 33816 | Shoals:3 | Noticed Bai Suzhen
 33845 | Shoals:3 | Killed Bai Suzhen
 33992 | Shoals:3 | Received a gift from Trog
 34565 | Shoals:4 | Entered Level 4 of the Shoals
 35073 | Shoals:4 | Found Bexaxtag's General Store.
 36118 | Shoals:4 | Got a barnacled rune of Zot
 36338 | Shoals:4 | Reached skill level 17 in Fighting
 36827 | Vaults:1 | Entered Level 1 of the Vaults
 36965 | Vaults:1 | Reached skill level 9 in Shields
 37004 | Vaults:1 | Reached skill level 17 in Maces & Flails
 37004 | Vaults:1 | Reached skill level 13 in Evocations
 37018 | Vaults:1 | Reached XP level 19. HP: 177/177 MP: 9/27
 37042 | Vaults:1 | Reached skill level 17 in Armour
 37049 | Vaults:1 | Reached skill level 13 in Long Blades
 37054 | Vaults:1 | Received a gift from Trog
 37919 | Vaults:1 | Got a fine amber ring
 38217 | Vaults:1 | Found Gozag's Assorted Antiques.
 38220 | Vaults:1 | Found Gozag's Antique Armour Shop.
 38221 | Vaults:1 | Found an opulent altar of Gozag.
 38285 | Vaults:1 | Found Gozag's Antique Weapon Boutique.
 38288 | Vaults:1 | Bought a pair of pitted boots for 950 gold pieces
 38288 | Vaults:1 | Identified the +3 pair of boots "Remirece" {rPois rC+ MR+}
                  | (You bought it in a shop on level 1 of the Vaults)
 38311 | Vaults:1 | Identified the ring of Detz {Fire Dex+2} (You found it on
                  | level 1 of the Vaults)
 38714 | Vaults:1 | Reached skill level 10 in Shields
 38897 | Vaults:2 | Noticed Mara
 38906 | Vaults:2 | Killed Mara
 38906 | Vaults:2 | Reached skill level 16 in Dodging
 39282 | Vaults:2 | Found a flickering gateway to a bazaar.
 39288 | Bazaar   | Entered a bazaar
 39294 | Bazaar   | Found Ihacwefo's Gadget Shop.
 39315 | Bazaar   | Found Tuclar's General Store.
 39328 | Bazaar   | Found Misyavatt's Distillery.
 39359 | Bazaar   | Found Iniwi's Assorted Antiques.
 39630 | Vaults:2 | Found a staircase to the Crypt.
 39693 | Vaults:2 | Received a gift from Trog
 39723 | Vaults:2 | Gained mutation: You are frail. (-10% HP) [a neqoxec]
 41340 | Vaults:3 | HP: 3/161 [Hell Sentinel/iron shot[an ironheart preserver]
                  | (68)]
 41345 | Vaults:3 | Killed from afar by a Hell Sentinel

Skill      XL: |  1  2  3  4  5  6  7  8  9 10 11 12 13 14 15 16 17 18 19 |
---------------+----------------------------------------------------------+-----
Fighting       | 4 5 6 7 9 10 11 12 13 14 15 16 17 | 17.9
Maces & Flails | 4 5 6 7 9 10 11 12 13 14 15 16 17 | 17.8
Armour         | 3 4 5 6 8 9 10 12 13 14 15 16 17 | 17.6
Dodging        | 3 4 5 6 7 8 10 11 12 13 14 15 16 | 16.3
Evocations     | 2 3 5 6 7 8 9 10 11 12 13 | 13.0
Long Blades    | 4 6 8 10 11 12 13 | 13.9
Shields        | 3 6 9 10 | 10.8

Action                   |  1- 3 |  4- 6 |  7- 9 | 10-12 | 13-15 | 16-18 | 19-21 || total
-------------------------+-------+-------+-------+-------+-------+-------+-------++-------
Melee: Mace              |    58 |    50 |       |       |       |       |       ||   108
       Headbutt          |     8 |    10 |    72 |   128 |   190 |   502 |   147 ||  1057
       Dire flail        |       |    18 |   369 |   484 |       |       |       ||   871
       Great mace        |       |       |       |    69 |   605 |   336 |   437 ||  1447
       Long sword        |       |       |       |       |    22 |  1155 |       ||  1177
Throw: Throwing net      |       |       |       |     1 |       |       |       ||     1
Invok: Berserk           |     2 |     1 |     6 |     7 |    11 |    16 |     4 ||    47
       Trog's Hand       |     1 |       |     2 |     2 |     2 |     6 |     3 ||    16
       Brothers in Arms  |       |       |       |     2 |     3 |     9 |     3 ||    17
Evoke: Wand              |       |       |     2 |     7 |    14 |    31 |       ||    54
       Phial of floods   |       |       |       |     1 |     1 |     6 |     1 ||     9
       Lightning rod     |       |       |       |       |     4 |     6 |       ||    10
  Use: Scroll            |     6 |     2 |    18 |    19 |    15 |    18 |     7 ||    85
       Potion            |       |       |       |     7 |     9 |    15 |     7 ||    38
 Stab: Distracted        |       |       |     1 |       |       |       |     1 ||     2
       Invisible         |       |       |       |       |     3 |     4 |       ||     7
       Petrified         |       |       |       |       |       |     1 |       ||     1
  Eat: Chunk             |     1 |     5 |    11 |    14 |    14 |    10 |     1 ||    56
       Ration            |       |       |     3 |     5 |     5 |    21 |     6 ||    40
Armor: Animal skin       |     3 |       |       |       |       |       |       ||     3
       Chain mail        |    24 |    23 |   148 |    55 |       |       |       ||   250
       Scale mail        |       |     7 |    18 |       |       |       |       ||    25
       Plate armour      |       |       |       |   201 |   322 |   681 |   179 ||  1383
       Crystal plate arm |       |       |       |       |       |     1 |       ||     1
Dodge: Dodged            |    29 |    60 |   177 |   353 |   786 |  1411 |   397 ||  3213
       Deflected         |       |       |     6 |     9 |    15 |    15 |       ||    45
Block: Other             |       |       |    21 |    27 |    45 |    30 |    32 ||   155
       Reflection        |       |       |     1 |     2 |     1 |   202 |     1 ||   207
       Shield            |       |       |       |       |     9 |  1312 |       ||  1321
       Rpst.: Long sword |       |       |       |       |     5 |   134 |       ||   139
